 Dungeon Crawl Stone Soup version 0.30-a0-141-g30f27751c5 (webtiles) character file.

Game seed: 16408285770225889572

(classic levelgen) 20899 Amnesiac the Thaumaturge (level 12, -5/56 HPs)
             Began as a Spriggan Ice Elementalist on Sept 25, 2022.
             Was an Elder of Vehumet.
             Slain by a warg (15 damage)
             ... on level 2 of the Orcish Mines.
             The game lasted 00:51:16 (14111 turns).

Amnesiac the Thaumaturge (SpIE)                    Turns: 14111, Time: 00:51:16

Health: -5/56      AC:  5    Str: 10    XL:     12   Next: 49%
Magic:  4/30       EV: 21    Int: 21    God:    Vehumet [****..]
Gold:   783        SH:  5    Dex: 16    Spells: 15/38 levels left

rFire   + . .      SeeInvis +    b - +5 long sword (holy)
rCold   + . .      Faith    .    (no shield)
rNeg    . . .      Spirit   .    c - +1 robe {rC+}
rPois   .          Reflect  +    P - +0 hat
rElec   .          Harm     .    f - +1 cloak
rCorr   .          Rampage  .    (gloves unavailable)
Will    ++...                    (boots unavailable)
Stlth   ++........               d - amulet of reflection
HPRegen 0.18/turn                z - +6 ring of strength
MPRegen 0.22/turn                A - ring of protection from fire

@: freezing walls, studying Throwing, very quick
A: very small, no large weapons, unfitting armour, see invisible, speed 3
a: Renounce Religion


You were on level 2 of the Orcish Mines.
You worshipped Vehumet.
Vehumet was greatly pleased with you.
You visited 4 branches of the dungeon, and saw 15 of its levels.
You also visited: Sewer.

You collected 993 gold pieces.
You spent 210 gold pieces at shops.

Inventory:

Hand Weapons
 b - a +5 long sword of holy wrath (weapon)
 h - a +0 dagger of speed
 q - a +0 sling
 w - a +2 dagger of venom
Missiles
 i - 23 poisoned darts (quivered)
 p - 5 boomerangs of dispersal
Armour
 c - a +1 robe of cold resistance (worn)
 f - a +1 cloak (worn)
 L - a scarf of shadows
 P - a +0 hat (worn)
Jewellery
 a - a ring of willpower
 d - an amulet of reflection (around neck)
 z - a +6 ring of strength (left hand)
 A - a ring of protection from fire (right hand)
 E - a ring of poison resistance
 N - a ring of protection from cold
Wands
 e - a wand of mindburst (17)
 j - a wand of iceblast (14)
 r - a wand of flame (23)
 y - a wand of light (5)
 J - a wand of paralysis (7)
Scrolls
 l - 6 scrolls of teleportation {!r}
 m - 3 scrolls of enchant armour {!r}
 o - 2 scrolls of magic mapping {!r}
 u - 7 scrolls of identify {!r}
 C - 2 scrolls of enchant weapon {!r}
 F - 2 scrolls of vulnerability {!r}
 M - a scroll of torment {!r}
Potions
 g - 3 potions of brilliance {!q}
 n - 2 potions of resistance {!q}
 t - a potion of mutation {!q}
 x - 2 potions of curing {!q}
 B - 2 potions of cancellation {!q}
 D - a potion of ambrosia {!q, unknown}
 G - a potion of flight {!q}
 H - 2 potions of attraction {!q}
 I - a potion of haste {!q}
 K - 2 potions of might {!q}
 O - a potion of invisibility {!q, unknown}
Miscellaneous
 k - a phantom mirror


   Skills:
 - Level 3.0 Fighting
 - Level 8.0 Dodging
 - Level 3.0 Stealth
 + Level 13.8 Spellcasting
 * Level 13.8 Ice Magic
 - Level 4.0 Evocations


You had 15 spell levels left.
You knew the following spells:

 Your Spells              Type           Power      Damage    Failure   Level
a - Freeze                Ice            100%       1d11      0%          1
b - Frozen Ramparts       Ice            100%       1d16      1%          3
c - Hailstorm             Conj/Ice       43%        3d10      1%          4
d - Mephitic Cloud        Conj/Pois/Air  14%        N/A       3%          3
e - Freezing Cloud        Conj/Ice/Air   16%        6-21      5%          5
f - Flame Wave            Conj/Fire      14%        2d6       12%         4
z - Ozocubu's Armour      Ice            64%        N/A       1%          3

Your spell library contained the following spells:

 Spells                   Type           Power      Damage    Failure   Level
 Fulminant Prism          Conj/Hex       7%         3d7       12%         4
 Poisonous Vapours        Pois/Air       28%        N/A       1%          2
 Ignite Poison            Fire/Tmut/Pois 14%        N/A       3%          3
 Sting                    Tmut/Pois      56%        1d5       4%          1
 Cigotuvi's Dreadful Rot  Necr/Pois/Air  28%        N/A       7%          2
 Olgreb's Toxic Radiance  Pois           14%        N/A       12%         4
 Sticky Flame             Conj/Fire      14%        2d4       12%         4
 Tukima's Dance           Hex            14%        N/A       13%         3
 Yara's Violent Unravell  Hex/Tmut       7%         3d5       30%         5
 Anguish                  Hex/Necr       7%         N/A       41%         4
 Dispel Undead            Necr           14%        3d10      41%         4
 Passage of Golubria      Tloc           14%        N/A       41%         4
 Death Channel            Necr           7%         N/A       100%        6
 Enfeeble                 Hex            7%         N/A       100%        7


Dungeon Overview and Level Annotations

Branches:
Dungeon (11/15)            Temple (1/1) D:6            Lair (1/5) D:9
    Orc (2/2) D:11            Elf (0/3) Orc:2         Sewer (visited)

Altars:
Ashenzari
Cheibriados
Dithmenos
Elyvilon
Fedhas
Gozag
Hepliaklqana
Kikubaaqudgha
Makhleb
Nemelex Xobeh
Okawaru
Qazlal
Ru
Sif Muna
Trog
Uskayaw
Vehumet
Wu Jian
Xom
Yredelemnul
Zin
The Shining One

Shops:
D:8 !=   Orc:1 *

Annotations:
D:8 5 transporters
Orc:2 3 runed translucent doors, Keiroecw's ghost, journeyman GnGl


Innate Abilities, Weirdness & Mutations

You are very small and have problems with some larger weapons.
You are too small for most types of armour.
You have supernaturally acute eyesight. (SInv)
You cover ground extremely quickly. (Speed+++)


Message History

The hail pelts the warg!
You kill the warg!
Vehumet accepts your kill.
You feel your power returning.
The hail pelts the orc priest!
You kill the orc priest!
Vehumet accepts your kill.
You feel your power returning.
The hail pelts the warg!
The warg is heavily wounded.
The hail pelts the warg!
The warg is moderately wounded.
The orc closely misses you.
The orc warrior hits you with a +0 scimitar.
You block the orc's attack. The orc misses you. The orc wizard misses you.
You closely miss the orc. You block the orc's attack.
The orc warrior hits you with a +0 scimitar.
* * * LOW HITPOINT WARNING * * *
The orc closely misses you. You block the orc's attack.
The orc wizard barely misses you.
The orc warrior hits you with a +0 scimitar!
* * * LOW HITPOINT WARNING * * *
The orc misses you.
The warg pauses to sniff the ground.
The orc wizard hits you but does no damage.
The orc completely misses you.
Casting: Hailstorm (dangerous; 1% risk of failure)
Confirm with . or Enter, or press ? or * to list all spells.
Casting: Frozen Ramparts (safe; 1% risk of failure)
Press: ? - help, Dir - look around, f - activate The walls around you are covered in ice.
The wall freezes the warg.
The wall freezes the warg!
The wall freezes the warg.
The wall freezes the orc!
You kill the orc!
Vehumet accepts your kill.
You feel your power returning.
The wall freezes the orc warrior!
The orc warrior misses you.
The wall freezes the orc!
You kill the orc!
Vehumet accepts your kill.
You feel your power returning.
The wall freezes the orc.
The orc misses you.
The wall freezes the orc wizard but does no damage.
You block the orc wizard's attack.
The wall freezes the orc warrior.
The wall freezes the warg.
Really quaff
x - 4 potions of curing {!q}?
You feel better.
The wall freezes the warg but does no damage.
The wall freezes the warg.
The wall freezes the warg!
The wall freezes the orc warrior!
The orc warrior hits you with a +0 scimitar!
* * * LOW HITPOINT WARNING * * *
The wall freezes the orc!
You kill the orc!
Vehumet accepts your kill.
You feel your power returning.
The wall freezes the orc wizard but does no damage.
The orc wizard completely misses you.
The wall freezes the troll.
The troll bites you.
* * * LOW HITPOINT WARNING * * *
The troll misses you. You block the troll's attack.
The wall freezes the orc warrior.
The orc wizard casts a spell.
The orc wizard flickers and vanishes for a moment.
An orc wizard comes into view. It is wielding a +0 dagger.
Really quaff
x - 3 potions of curing {!q}?
You feel better.
The wall freezes the warg!
The warg bites you!
You die...

##.# ...# #.o8. . #..##
#.o . .. #o.o ... o ...
#..# #.# # .... #.o# #.#
#
.....######..#######o###
......)ohhooo.......o..o
.....)T@ohoooo..........
....####################
. ## ##.


You could see a troll, 3 wargs, an orc sorcerer, 2 orc warriors, 6 orc wizards
and an orc.

Vanquished Creatures
  A centaur warrior (D:9)
  3 two-headed ogres (D:11)
  Pikel (D:4)
  A deep elf pyromancer (D:11)
  An orc sorcerer (Orc:2)
  Maggie (D:6)
  2 cane toads (Lair:1)
  A rime drake (Lair:1)
  An unseen horror (D:11)
  2 komodo dragons
  3 trolls
  25 yaks
  2 shadows (D:10)
  3 vampires (D:10)
  A wraith (D:11)
  Eustachio (D:5)
  2 wyverns
  5 basilisks
  3 wargs
  Edmund (D:5)
  4 water moccasins
  Duvessa (D:7)
  A swamp drake (D:9)
  8 ogres
  8 orc warriors
  2 sky beasts (D:7)
  An ice beast (D:6)
  25 wolves (Lair:1)
  5 centaurs
  2 phantoms
  A lemure (D:4)
  6 kobold brigands
  8 bullfrogs
  A necrophage (D:5)
  2 scorpions
  7 wights (D:7)
  Dowan (D:7)
  19 killer bees
  A howler monkey (D:8)
  4 hounds
  2 jellies
  7 orc priests
  Natasha (thrice) (D:2)
  Terence (D:2)
  3 iguanas
  18 orc wizards
  7 gnolls
  11 adders
  2 shadow imps (D:6)
  A white imp (D:7)
  An ufetubus (D:4)
  8 worms
  4 dart slugs
  50 orcs
  11 ball pythons
  7 bats
  8 endoplasms
  2 giant cockroaches
  8 goblins
  12 hobgoblins
  2 jackals (D:2)
  3 quokkas
  4 frilled lizards
  39 kobolds
  14 rats
395 creatures vanquished.

Vanquished Creatures (others)
  An orc priest (D:7)
  9 fungi (Lair:1)
  7 plants
17 creatures vanquished.

Grand Total: 412 creatures vanquished

Notes
Turn   | Place    | Note
-------+----------+-------------------------------------------
     0 | D:1      | Amnesiac the Spriggan Ice Elementalist began the quest for
                  | the Orb.
     0 | D:1      | Reached XP level 1. HP: 9/9 MP: 5/5
     0 | D:1      | Noticed a demonspawn zombie
     2 | D:1      | Noticed a merfolk zombie
     4 | D:1      | Noticed a minotaur zombie
     4 | D:1      | Noticed a minotaur zombie
    13 | D:1      | Noticed a merfolk zombie
    19 | D:1      | Noticed a demonspawn zombie
   113 | D:1      | Reached XP level 2. HP: 13/13 MP: 0/7
   135 | D:3      | Identified a manual of Throwing
   319 | D:4      | Reached XP level 3. HP: 4/16 MP: 3/9
   878 | D:4      | Noticed Pikel
   878 | D:4      | Noticed a lemure
   878 | D:4      | Noticed a lemure
   899 | D:4      | Noticed a phantom
   900 | D:4      | Killed a lemure
   911 | D:3      | Learned a level 3 spell: Frozen Ramparts
  1066 | D:4      | Noticed a lemure
  1149 | D:4      | Noticed a lemure
  1502 | D:3      | Found a sacrificial altar of Ru.
  1504 | D:3      | Found an iron altar of Okawaru.
  1729 | D:4      | Noticed Edmund
  1734 | D:5      | Entered Level 5 of the Dungeon
  1808 | D:5      | Noticed Eustachio
  1830 | D:5      | Killed Eustachio
  1831 | D:5      | Reached XP level 4. HP: 4/21 MP: 0/11
  1831 | D:5      | Reached XP level 5. HP: 5/24 MP: 0/13
  2196 | D:5      | Reached XP level 6. HP: 22/28 MP: 4/14
  2382 | D:5      | Reached skill level 5 in Spellcasting
  2382 | D:5      | Reached skill level 5 in Ice Magic
  2697 | D:5      | Noticed a water moccasin
  2708 | D:5      | Reached skill level 5 in Dodging
  2708 | D:5      | Reached XP level 7. HP: 32/32 MP: 8/16
  3663 | D:6      | Found a stormy altar of Qazlal.
  3727 | D:6      | Reached XP level 8. HP: 19/36 MP: 9/18
  3760 | D:6      | Noticed Maggie
  3772 | D:6      | Reached skill level 1 in Evocations
  3787 | D:6      | Killed Maggie
  3824 | D:6      | Found a glowing drain.
  3847 | Sewer    | Entered a sewer
  4472 | D:6      | Reached skill level 1 in Fighting
  5064 | D:6      | Found a staircase to the Ecumenical Temple.
  5159 | Temple   | Entered the Ecumenical Temple
  5159 | Temple   | Found a transporter.
  5159 | Temple   | Found a transporter.
  5161 | Temple   | Found a transporter.
  5161 | Temple   | Found a transporter.
  5180 | Temple   | Became a worshipper of Vehumet
  5244 | D:4      | Killed Pikel
  5245 | D:4      | Reached XP level 9. HP: 27/44 MP: 12/20
  5299 | D:2      | Learned a level 3 spell: Ozocubu's Armour
  6057 | D:2      | Found a burning altar of Makhleb.
  6365 | D:2      | Noticed Natasha
  6377 | D:2      | Killed Natasha
  6468 | D:2      | Reached * piety under Vehumet
  6468 | D:2      | Offered knowledge of Sandblast by Vehumet.
  6548 | D:2      | Noticed Terence
  6548 | D:2      | Noticed Natasha
  6552 | D:2      | Killed Natasha
  6552 | D:2      | Killed Terence
  6808 | D:2      | Noticed Natasha
  6815 | D:2      | Killed Natasha
  6910 | D:3      | Learned a level 4 spell: Hailstorm
  6916 | D:3      | Learned a level 5 spell: Freezing Cloud
  7445 | D:5      | Killed Edmund
  7540 | D:7      | Reached ** piety under Vehumet
  7540 | D:7      | Offered knowledge of Foxfire by Vehumet.
  7896 | D:7      | Noticed Duvessa
  7896 | D:7      | Noticed Dowan
  7902 | D:7      | Killed Duvessa
  7910 | D:7      | Killed Dowan
  8225 | D:7      | Reached XP level 10. HP: 37/49 MP: 15/24
  8442 | D:8      | Found Hixt's Distillery.
  8446 | D:8      | Bought a potion of flight for 30 gold pieces
  8446 | D:8      | Bought a potion of attraction for 30 gold pieces
  8446 | D:8      | Bought a potion of heal wounds for 50 gold pieces
  8446 | D:8      | Bought a potion of haste for 100 gold pieces
  8471 | D:8      | Found a transporter.
  8474 | D:8      | Noticed a deep elf pyromancer
  8488 | D:8      | Found a transporter.
  8488 | D:8      | Noticed a boulder beetle
  8489 | D:8      | Found a transporter.
  8489 | D:8      | Noticed a boulder beetle
  8505 | D:8      | Found a transporter.
  8507 | D:8      | Found a transporter.
  8763 | D:8      | Found Ritixai's Jewellery Shop.
  8768 | D:8      | Offered knowledge of Kindle Blastsparks by Vehumet.
  9195 | D:9      | Noticed a centaur warrior
  9205 | D:9      | Reached *** piety under Vehumet
  9207 | D:9      | Killed a centaur warrior
  9208 | D:9      | Reached skill level 10 in Spellcasting
  9208 | D:9      | Reached skill level 10 in Ice Magic
  9793 | D:9      | Offered knowledge of Flame Wave by Vehumet.
 10196 | D:9      | Learned a level 3 spell: Mephitic Cloud
 10220 | D:9      | Learned a level 4 spell: Flame Wave
 10233 | D:9      | Found a staircase to the Lair.
 10267 | D:9      | Reached XP level 11. HP: 40/52 MP: 9/26
 10344 | Lair:1   | Entered Level 1 of the Lair of Beasts
 10452 | Lair:1   | Reached **** piety under Vehumet
 10686 | Lair:1   | Offered knowledge of Iskenderun's Battlesphere by Vehumet.
 11679 | D:10     | Entered Level 10 of the Dungeon
 12369 | D:11     | Found a bloodstained altar of Trog.
 12370 | D:11     | Noticed a two-headed ogre
 12382 | D:11     | Killed a two-headed ogre
 12385 | D:11     | Reached XP level 12. HP: 56/56 MP: 5/29
 12595 | D:11     | Reached ***** piety under Vehumet
 12715 | D:11     | Found a staircase to the Orcish Mines.
 12911 | D:11     | Noticed a two-headed ogre
 12922 | D:11     | Killed a two-headed ogre
 12922 | D:11     | Offered knowledge of Fulminant Prism by Vehumet.
 13043 | D:11     | Noticed a two-headed ogre
 13051 | D:11     | Killed a two-headed ogre
 13537 | Orc:1    | Entered Level 1 of the Orcish Mines
 13648 | Orc:1    | Found Ysefenle's Gadget Gallery.
 13717 | Orc:1    | You fall into a shaft and drop 1 floor!
 13717 | Orc:2    | Entered Level 2 of the Orcish Mines
 13815 | Orc:2    | Found a staircase to the Elven Halls.
 13895 | Orc:2    | Found a runed translucent gate.
 13895 | Orc:2    | Found a runed translucent gate.
 13895 | Orc:2    | Found a runed translucent gate.
 13896 | Orc:2    | Noticed a tengu warrior
 13896 | Orc:2    | Noticed a centaur warrior
 13897 | Orc:2    | Noticed a merfolk impaler
 13898 | Orc:2    | Noticed a centaur warrior
 13900 | Orc:2    | Noticed Keiroecw's ghost (journeyman GnGl)
 13900 | Orc:2    | Noticed a naga warrior
 14111 | Orc:2    | Slain by a warg

Illustrated notes

Levels and vault maps discovered:
D:1:      shiori_arrival_whats_in_store_for_you, layout_basic,
          minmay_indecisive_spiral
D:2:      layout_basic, basic_altar, uniq_natasha, uniq_terence
D:3:      layout_rooms, nicolae_overflow_hidden_temple, serial_forest,
          infiniplex_forest_end_3, infiniplex_forest_lined_4_way,
          infiniplex_forest_lined_room_, infiniplex_forest_clump_tiny,
          infiniplex_forest_clump_double, infiniplex_forest_corner_1,
          infiniplex_forest_corner_1
D:4:      layout_gridville, nrook_campfire, uniq_pikel, uniq_edmund
D:5:      layout_loops_corners, dreamdust_princess_bridge,
          amcnicky_mini_corridor_feature, minmay_misc_feat_pillars,
          uniq_eustachio
D:6:      layout_loops_ring, mainiacjoe_overflow_chevrons,
          minmay_temple_entry_enclosed_plants, cheibrodos_sewer_entry_drain,
          supply_closet_lemuel, uniq_maggie
D:7:      layout_loops_cross, uniq_duvessa
D:8:      gammafunk_the_bubble [the_bubble_gammafunk_roulette], layout_rooms,
          serial_shops, nicolae_shop_hallway_stairs, nicolae_stop_n_shop_1
D:9:      layout_loops_ring, erik_lair_dragon, minmay_microvault
D:10:     layout_irregular_city
D:11:     nicolae_cairo_tiling_large, layout_irregular_city, orc_0_dummy,
          trog_antimagical
Temple:   hellmonk_temple_divided_pantheon
Lair:1:   layout_loops_ring
Orc:1:    layout_diamond_mine, nicolae_shop_gadgets
Orc:2:    st_orc_town, layout_caves, portal_ice_cave_rime,
          gammafunk_ghost_fury_of_okawaru, nicolae_volcano_entry_batcave

Skill      XL: |  1  2  3  4  5  6  7  8  9 10 11 12 |
---------------+-------------------------------------+-----
Spellcasting   | 3 4 5 6 7 9 10 12 13 | 13.8
Ice Magic      | 4 5 6 7 9 11 12 13 | 13.8
Dodging        | 3 4 5 6 8 |  8.0
Evocations     | 4 |  4.0
Fighting       | 3 |  3.0
Stealth        | |  3.0

Action                   |  1- 3 |  4- 6 |  7- 9 | 10-12 || total
-------------------------+-------+-------+-------+-------++-------
Melee: Dagger            |    32 |     2 |    35 |    15 ||    84
       Unarmed           |     3 |       |       |       ||     3
       Punch             |       |       |     1 |       ||     1
       Long sword        |       |       |    84 |    24 ||   108
 Fire: Sling             |       |    28 |    87 |       ||   115
Throw: Dart              |       |       |     3 |    19 ||    22
 Cast: Freeze            |    59 |    23 |   154 |   227 ||   463
       Frozen Ramparts   |       |     2 |    20 |    22 ||    44
       Ozocubu's Armour  |       |       |    13 |    15 ||    28
       Hailstorm         |       |       |     3 |    92 ||    95
       Freezing Cloud    |       |       |       |     9 ||     9
Evoke: Wand              |       |       |     1 |     5 ||     6
  Use: Potion            |     2 |       |     9 |     6 ||    17
       Scroll            |     1 |       |    11 |     4 ||    16
 Stab: Sleeping          |     5 |     2 |     7 |     4 ||    18
       Distracted        |     1 |       |       |       ||     1
Armor: Robe              |     8 |       |    19 |    56 ||    83
       Skin              |    27 |       |     2 |       ||    29
Dodge: Dodged            |    65 |    15 |   198 |   277 ||   555
Block: Other             |       |       |    18 |    63 ||    81
       Reflection        |       |       |       |     4 ||     4

Table legend: (Time is in decaauts)
 A = Elapsed time spent in this place.
 B = Non-inter-level travel time spent in this place.
 C = Inter-level travel time spent in this place.
 D = Time resting spent in this place.
 E = Time spent auto-exploring this place.
 F = Levels seen in this place.
 G = Mean time per level.
                   A        B        C        D        E       F      G
               +--------+--------+--------+--------+--------+-----+--------+
         Total |  10552 |   9981 |    571 |   3015 |   4143 |  16 |  659.5 |
       Dungeon |   8594 |   8049 |    545 |   2380 |   3546 |  11 |  781.3 |
        Temple |     26 |     20 |      6 |      0 |      0 |   1 |   26.0 |
          Lair |    960 |    955 |      5 |    405 |    369 |   1 |  960.0 |
  Orcish Mines |    383 |    369 |     14 |      0 |     97 |   2 |  191.5 |
         Sewer |    586 |    586 |      0 |    230 |    130 |   1 |  586.0 |
               +--------+--------+--------+--------+--------+-----+--------+

Top non-repeatable levels by time:
     D:5: 1522 daAuts
     D:9: 1048 daAuts
  Lair:1: 960 daAuts
     D:4: 960 daAuts
    D:11: 870 daAuts
     D:6: 783 daAuts
     D:3: 712 daAuts
     D:2: 658 daAuts
     D:7: 595 daAuts
   Sewer: 586 daAuts
     D:1: 554 daAuts
    D:10: 476 daAuts
     D:8: 411 daAuts
   Orc:2: 249 daAuts
   Orc:1: 134 daAuts
